 Dungeon Crawl Stone Soup version 0.31-a0-986-g5e6e4ef867 (webtiles) character file.

Game seed: 11233376035184756691

1451 croobank the Ruffian (level 8, -3/61 HPs)
             Began as a Gnoll Shapeshifter on Nov 22, 2023.
             Slain by an orc warrior
             ... wielding a +0 halberd
              (21 damage)
             ... on level 6 of the Dungeon.
             The game lasted 00:11:20 (4688 turns).

croobank the Ruffian (Gnoll Shapeshifter)           Turns: 4688, Time: 00:11:21

Health: -3/61      AC:  2    Str: 14    XL:     8   Next: 75%
Magic:  13/13      EV: 14    Int: 11    God:
Gold:   237        SH:  0    Dex: 12    Spells: 14/14 levels left

rFire   . . .        g - +5 lajatang (speed)
rCold   . . .        (shield currently unavailable)
rNeg    . . .        n - +0 robe of the Blind Marksman {Slay+3}
rPois   .            (helmet currently unavailable)
rElec   .            (cloak currently unavailable)
rCorr   .            (gloves currently unavailable)
SInv    +            (boots currently unavailable)
Will    .....        (no amulet)
Stlth   ++           q - ring of see invisible
HPRegen 0.30/turn    (no ring)
MPRegen 0.13/turn

%: no passive effects
@: beast-form
A: beast (slay +4), fangs 1, strong nose, distributed training
a: Begin Untransformation


You were on level 6 of the Dungeon.
You were a hulking beast.
You visited 1 branch of the dungeon, and saw 6 of its levels.

You collected 237 gold pieces.

Inventory:

Hand Weapons
 b - a +0 sling
 e - a +0 dagger
 g - a +5 lajatang of speed (weapon)
 m - a +1 whip of holy wrath
 y - a +0 trident
Missiles
 r - a throwing net
Armour
 a - a +1 pair of gloves
 f - a +0 helmet
 h - the +4 scale mail "Fuiz" {rElec Int+4 Stlth+}
   (You found it on level 2 of the Dungeon)

   Int+4:     It affects your intelligence (+4).
   rElec:     It insulates you from electricity.
   Stlth+:    It makes you more stealthy.
 k - a +0 pair of boots
 n - the +0 robe of the Blind Marksman (worn) {Slay+3}
   (You found it on level 3 of the Dungeon)

   Slay+3:    It affects your accuracy & damage with ranged weapons and melee
   (+3).
 v - a scarf of repulsion
Jewellery
 j - a ring of fire
 q - a ring of see invisible (left hand)
Talismans
 c - a beast talisman (active)
 d - a flux talisman
Wands
 p - a wand of digging (7)
 t - a wand of charming (15)
 A - a wand of quicksilver (10)
Scrolls
 u - a scroll of fear {unknown}
 w - 3 scrolls of teleportation
Potions
 i - a potion of berserk rage {unknown}
 l - a potion of invisibility
 o - a potion of attraction
 s - a potion of ambrosia
 x - a potion of curing
 z - 2 potions of enlightenment


   Skills:
 + Level 4.5 Fighting
 + Level 3.6 Short Blades
 + Level 3.6 Long Blades
 + Level 3.6 Axes
 + Level 3.6 Maces & Flails
 + Level 3.6 Polearms
 + Level 3.6 Staves
 + Level 3.6 Ranged Weapons
 + Level 3.6 Throwing
 + Level 3.6 Armour
 + Level 5.9 Dodging
 + Level 3.6 Stealth
 + Level 3.6 Shields
 + Level 7.5 Unarmed Combat
 + Level 3.6 Spellcasting
 + Level 3.0 Conjurations
 + Level 3.0 Hexes
 + Level 3.0 Summonings
 + Level 3.0 Necromancy
 + Level 3.0 Translocations
 + Level 3.0 Transmutations
 + Level 3.0 Fire Magic
 + Level 3.0 Ice Magic
 + Level 3.0 Air Magic
 + Level 3.0 Earth Magic
 + Level 3.0 Poison Magic
 + Level 4.0 Invocations
 + Level 3.6 Evocations
 + Level 7.3 Shapeshifting


You had 14 spell levels left.
You didn't know any spells.
Your spell library contained the following spells:

 Spells                   Type           Power      Damage    Failure   Level
 Summon Small Mammal      Summ           32%        N/A       8%          1
 Call Canine Familiar     Summ           8%         N/A       22%         3
 Summon Guardian Golem    Hex/Summ       8%         N/A       22%         3


Dungeon Overview and Level Annotations

Branches:
Dungeon (6/15)
 Temple: D:4-7

Altars:
Ashenzari
Nemelex Xobeh
Okawaru
Ru
Trog
Wu Jian
Zin


Innate Abilities, Weirdness & Mutations

You are a hulking beast.
Your limbs bulge with bestial killing power. (Slay +4)
You have very sharp teeth.
Your uncanny sense of smell can sniff out nearby items.
Your experience applies equally to all skills.


Message History

The orc warrior moves out of view.
You see here a black bear corpse.
You hit the orc wizard. Your bite misses the orc wizard.
The orc wizard is lightly wounded.
The orc wizard hits you with a +2 dagger of speed.
You closely miss the orc wizard.
The orc wizard is lightly wounded.
The orc wizard barely misses you.
You slice the orc wizard!!
You kill the orc wizard!
Your Conjurations skill increases to level 3!
Your Hexes skill increases to level 3!
Your Summonings skill increases to level 3!
Your Necromancy skill increases to level 3!
Your Translocations skill increases to level 3!
Your Transmutations skill increases to level 3!
Your Fire Magic skill increases to level 3!
Your Ice Magic skill increases to level 3!
Your Air Magic skill increases to level 3!
Your Earth Magic skill increases to level 3!
Your Poison Magic skill increases to level 3!
Found a stone staircase leading down.
The orc warrior closely misses you.
The orc warrior hits you with a +0 mace.
Things that are here:
a +2 dagger of speed; a +0 robe You slash the orc warrior!
The orc warrior is moderately wounded.
The orc warrior closely misses you. x2
You slash the orc warrior!
You bite the orc warrior, but do no damage.
The orc warrior is severely wounded.
The orc warrior hits you with a +0 halberd!
The orc warrior hits you with a +0 mace!
* * * LOW HITPOINT WARNING * * *
You are too injured to fight recklessly!
You are too injured to fight recklessly!
You hit the orc warrior.
The orc warrior is severely wounded.
The orc warrior hits you with a +0 halberd!!
You die...

# ####. ### #.... ..#
...#.. #.# ......# #.#
>.....o######)#
.........oh†)..).#####..
.......#.######........
∆.... #.##...........#
.. #.#...##.#####.#
..####......#.##
.................
##.###.....####.
#.###<####...##
#.......))..##


You could see 2 orc warriors.

Vanquished Creatures
  The ghost of pigah the Insei, a novice OpSh of Gozag (D:4)
  Menkaure (D:4)
  A black bear (D:6)
  2 ogres
  3 scorpions
  2 jellies (D:4)
  An orc priest (D:6)
  A hound (D:5)
  An iguana (D:5)
  Ijyb (D:3)
  3 orc wizards
  A centaur simulacrum (D:4)
  Robin (D:3)
  10 gnolls
  5 adders
  2 hound simulacra (D:4)
  3 white imps
  4 dart slugs
  An adder simulacrum (D:4)
  14 orcs
  5 ball pythons
  5 endoplasms
  9 hobgoblins
  A jackal (D:4)
  A quokka (D:5)
  A bat (D:3)
  3 frilled lizards
  10 goblins
  8 kobolds
  A quokka simulacrum (D:4)
  A rat (D:2)
103 creatures vanquished.

Notes
Turn   | Place    | Note
-------+----------+-------------------------------------------
     0 | D:1      | croobank the Gnoll Shapeshifter began the quest for the
                  | Orb.
     0 | D:1      | Reached XP level 1. HP: 17/17 MP: 1/1
    70 | D:1      | Reached XP level 2. HP: 5/23 MP: 2/2
   412 | D:1      | Reached XP level 3. HP: 28/28 MP: 3/3
   710 | D:2      | Identified the +4 scale mail "Fuiz" {rElec Int+4 Stlth+}
   885 | D:2      | Reached skill level 1 in Invocations
   975 | D:2      | Found a sacrificial altar of Ru.
  1173 | D:3      | Noticed Ijyb
  1217 | D:3      | Reached skill level 1 in Short Blades
  1217 | D:3      | Reached skill level 1 in Long Blades
  1217 | D:3      | Reached skill level 1 in Axes
  1217 | D:3      | Reached skill level 1 in Maces & Flails
  1217 | D:3      | Reached skill level 1 in Polearms
  1217 | D:3      | Reached skill level 1 in Staves
  1217 | D:3      | Reached skill level 1 in Ranged Weapons
  1217 | D:3      | Reached skill level 1 in Throwing
  1217 | D:3      | Reached skill level 1 in Armour
  1217 | D:3      | Reached skill level 1 in Stealth
  1217 | D:3      | Reached skill level 1 in Shields
  1217 | D:3      | Reached skill level 1 in Spellcasting
  1217 | D:3      | Reached skill level 1 in Evocations
  1283 | D:3      | Identified the +0 robe of the Blind Marksman {Slay+3}
  1458 | D:3      | Reached XP level 4. HP: 33/34 MP: 5/5
  1463 | D:3      | Noticed Robin
  1997 | D:3      | Killed Robin
  2122 | D:3      | Killed Ijyb
  2123 | D:3      | Reached skill level 1 in Conjurations
  2123 | D:3      | Reached skill level 1 in Hexes
  2123 | D:3      | Reached skill level 1 in Summonings
  2123 | D:3      | Reached skill level 1 in Necromancy
  2123 | D:3      | Reached skill level 1 in Translocations
  2123 | D:3      | Reached skill level 1 in Transmutations
  2123 | D:3      | Reached skill level 1 in Fire Magic
  2123 | D:3      | Reached skill level 1 in Ice Magic
  2123 | D:3      | Reached skill level 1 in Air Magic
  2123 | D:3      | Reached skill level 1 in Earth Magic
  2123 | D:3      | Reached skill level 1 in Poison Magic
  2333 | D:4      | Noticed an ogre
  2337 | D:4      | Killed an ogre
  2338 | D:4      | Reached XP level 5. HP: 41/41 MP: 5/7
  2392 | D:4      | Noticed Menkaure
  2400 | D:4      | Killed Menkaure
  2401 | D:4      | Reached skill level 5 in Dodging
  2401 | D:4      | Reached XP level 6. HP: 15/47 MP: 7/9
  2566 | D:4      | Found a runed translucent gate.
  2566 | D:4      | Found a runed translucent gate.
  2566 | D:4      | Found a runed translucent gate.
  2721 | D:4      | Found an ornate altar of the Wu Jian Council.
  3103 | D:4      | Reached XP level 7. HP: 47/52 MP: 10/10
  3239 | D:4      | Found a glowing silver altar of Zin.
  3313 | D:4      | Noticed pigah's ghost (novice OpSh)
  3368 | D:4      | Identified a scroll of acquirement
  3368 | D:4      | Acquired a +5 lajatang of speed
  3425 | D:4      | Killed pigah's ghost
  3426 | D:4      | Reached XP level 8. HP: 15/60 MP: 10/12
  3694 | D:5      | Entered Level 5 of the Dungeon
  4201 | D:5      | Found a broken altar of Ashenzari.
  4369 | D:5      | Found a bloodstained altar of Trog.
  4372 | D:5      | Found a sparkling altar of Nemelex Xobeh.
  4595 | D:5      | Found an iron altar of Okawaru.
  4688 | D:6      | Slain by an orc warrior

Illustrated notes

Levels and vault maps discovered:
D:1:      nicolae_arrival_memento_mori, layout_rooms
D:2:      layout_rooms, basic_altar, serial_forest,
          infiniplex_forest_clump_small, infiniplex_forest_straight_4,
          infiniplex_forest_lined_room_2, infiniplex_forest_zigzag_2,
          infiniplex_forest_lined_room_2, infiniplex_forest_side_room,
          infiniplex_forest_clump_long, nicolae_underground_beach
D:3:      layout_rooms, nicolae_goblin_pals
D:4:      layout_basic, nicolae_wu_jian_wuxing_cycle, zin_statuary,
          gammafunk_ghost_icy, minmay_circle_x, uniq_menkaure
D:5:      layout_rooms, okawaru_altar_gauntlet_db,
          nicolae_overflow_hidden_temple, nicolae_ashenzari_skybound
D:6:      layout_loops_ring, minmay_temple_entry_tees,
          ebering_ghost_rock_garden, uniq_jeremiah, uniq_eustachio

Skill      XL: |  1  2  3  4  5  6  7  8 |
---------------+-------------------------+-----
Invocations    | 1 2 3 4 |  4.0
Short Blades   | 1 2 3 |  3.6
Long Blades    | 1 2 3 |  3.6
Axes           | 1 2 3 |  3.6
Maces & Flails | 1 2 3 |  3.6
Polearms       | 1 2 3 |  3.6
Staves         | 1 2 3 |  3.6
Ranged Weapons | 1 2 3 |  3.6
Throwing       | 1 2 3 |  3.6
Armour         | 1 2 3 |  3.6
Stealth        | 1 2 3 |  3.6
Shields        | 1 2 3 |  3.6
Spellcasting   | 1 2 3 |  3.6
Evocations     | 1 2 3 |  3.6
Conjurations   | 1 2 3 |  3.0
Hexes          | 1 2 3 |  3.0
Summonings     | 1 2 3 |  3.0
Necromancy     | 1 2 3 |  3.0
Translocations | 1 2 3 |  3.0
Transmutations | 1 2 3 |  3.0
Fire Magic     | 1 2 3 |  3.0
Ice Magic      | 1 2 3 |  3.0
Air Magic      | 1 2 3 |  3.0
Earth Magic    | 1 2 3 |  3.0
Poison Magic   | 1 2 3 |  3.0
Fighting       | 3 4 |  4.5
Dodging        | 5 |  5.9
Unarmed Combat | 7 |  7.5
Shapeshifting  | 7 |  7.3

Action                     |  1- 3 |  4- 6 |  7- 9 || total
---------------------------+-------+-------+-------++-------
  Melee: Unarmed           |    51 |    67 |     1 ||   119
         Punch             |     2 |     1 |       ||     3
         Bite              |     1 |     6 |    11 ||    18
         Lajatang          |       |       |    99 ||    99
   Fire: Sling             |     1 |       |       ||     1
    Use: Potion            |     1 |       |       ||     1
         Scroll            |       |       |    12 ||    12
   Stab: Sleeping          |       |     1 |     2 ||     3
 Armour: Skin              |     5 |       |       ||     5
         Animal skin       |     7 |       |       ||     7
         Scale mail        |    15 |       |       ||    15
         Robe              |     3 |    20 |    45 ||    68
  Dodge: Dodged            |    18 |    28 |    50 ||    96
   Form: Beast             |     1 |       |       ||     1

Table legend: (Time is in decaauts)
 A = Elapsed time spent in this place.
 B = Non-inter-level travel time spent in this place.
 C = Inter-level travel time spent in this place.
 D = Time resting spent in this place.
 E = Time spent auto-exploring this place.
 F = Levels seen in this place.
 G = Mean time per level.
                   A        B        C        D        E       F      G
               +--------+--------+--------+--------+--------+-----+--------+
         Total |   4659 |   4509 |    150 |   1286 |   2402 |   6 |  776.5 |
       Dungeon |   4659 |   4509 |    150 |   1286 |   2402 |   6 |  776.5 |
               +--------+--------+--------+--------+--------+-----+--------+

Top non-repeatable levels by time:
     D:4: 1682 daAuts
     D:3: 1064 daAuts
     D:1: 677 daAuts
     D:5: 674 daAuts
     D:2: 516 daAuts
     D:6: 44 daAuts
